 Dungeon Crawl Stone Soup version 0.28-a0-1404-g4df0f3684d (webtiles) character file.

Game seed: 1686446805520218972

16 skittles the Skirmisher (level 2, -1/24 HPs)
             Began as a Demonspawn Abyssal Knight on Jan 6, 2022.
             Was a Follower of Lugonu.
             Succumbed to Terence's poison
             ... on level 2 of the Dungeon.
             The game lasted 00:03:06 (1069 turns).

skittles the Skirmisher (Demonspawn Abyssal Knight) Turns: 1069, Time: 00:03:07

Health: -1/24      AC:  8    Str: 13    XL:     2   Next: 41%
Magic:  4/4        EV:  9    Int: 11    God:    Lugonu [*.....]
Gold:   77         SH:  0    Dex: 13    Spells: 1/1 levels left

rFire   . . .      SeeInvis .   a - +1 mace
rCold   . . .      Faith    .   g - orb {light}
rNeg    . . .      Spirit   .   d - +0 scale mail
rPois   .          Reflect  .   (no helmet)
rElec   .          Harm     .   (no cloak)
rCorr   .          Rampage  .   (no gloves)
Will    .....                   (no boots)
Stlth   ..........              (no amulet)
HPRegen 0.08/turn               (no ring)
MPRegen 0.09/turn               (no ring)

@: lethally poisoned (-1 -> -10), glowing
A: thin metallic scales 1
a: Renounce Religion, Depart the Abyss


You were on level 2 of the Dungeon.
You worshipped Lugonu.
Lugonu was aware of your devotion.
You visited 1 branch of the dungeon, and saw 2 of its levels.
You visited the Abyss 1 time.

You collected 77 gold pieces.

Inventory:

Hand Weapons
 a - a +1 mace (weapon)
 e - a +0 dagger
 h - a +0 long sword
Armour
 b - a +0 leather armour
 d - a +0 scale mail (worn)
 g - an orb of light (worn)
Scrolls
 c - 2 scrolls of identify {unknown}
 f - a scroll of noise {unknown}


   Skills:
 + Level 3.4 Fighting
 * Level 2.1 Maces & Flails
 - Level 1.8 Armour
 - Level 0.9 Dodging
 * Level 2.7 Invocations


You had one spell level left.
You didn't know any spells.
Your spell library was empty.

Dungeon Overview and Level Annotations

Branches:
Dungeon (2/15)

Altars:

Annotations:
D:2 Terence


Innate Abilities, Weirdness & Mutations

You are partially covered in thin metallic scales. (AC +2)


Message History

Done exploring.
You climb downwards.
There is a stone staircase leading up here.
Terence the Incautious comes into view.
He is wielding a +3 short sword of venom.
Terence shouts!
Terence barely misses you.
You hit Terence but do no damage.
Terence hits you with a +3 short sword of venom.
You are poisoned.
You hit Terence.
Terence is moderately wounded.
You feel very sick.
Terence hits you with a +3 short sword of venom.
You are more poisoned.
An adder comes into view.
Terence closely misses you.
You aren't carrying any potions.
The adder hisses angrily.
You hit Terence but do no damage.
Terence is moderately wounded.
You feel very sick. Terence barely misses you.
You hit Terence but do no damage.
Terence is moderately wounded.
You feel very sick.
Terence hits you with a +3 short sword of venom.
You are more poisoned.
You hit Terence.
Terence is moderately wounded.
* * * LOW HITPOINT WARNING * * *
You feel very sick. Terence barely misses you. x2
You hit Terence but do no damage.
Terence is moderately wounded.
* * * LOW HITPOINT WARNING * * *
You feel very sick. The adder bites you but does no damage.
Terence barely misses you.
You hit Terence but do no damage.
Terence is moderately wounded.
You die...

...............#
...............#
..............##
.............##
......#.....##
..#####.#####
.##........#
#.........#
#..#...@..# #.
#..S@..#
...........#
...........#
..........#
..........#
....####### ...#


You could see Terence and an adder.

Vanquished Creatures
  A dart slug (D:1)
  An endoplasm (D:1)
  3 hobgoblins (D:1)
  A ball python (D:1)
  3 frilled lizards (D:1)
  3 goblins (D:1)
  2 kobolds (D:1)
  A rat (D:1)
15 creatures vanquished.

Notes
Turn   | Place    | Note
-------+----------+-------------------------------------------
     0 | Abyss:1  | skittles the Demonspawn Abyssal Knight began the quest for
                  | the Orb.
     0 | Abyss:1  | Reached XP level 1. HP: 18/18 MP: 2/2
    25 | Abyss:1  | Noticed a large abomination
    27 | D:1      | Escaped the Abyss
   150 | D:1      | Reached * piety under Lugonu
   371 | D:1      | Gained mutation: You are partially covered in thin metallic
                  | scales. (AC +2) [demonic ancestry]
   371 | D:1      | Reached XP level 2. HP: 24/24 MP: 4/4
   727 | D:1      | Found a faded altar of an unknown god.
  1059 | D:2      | Noticed Terence
  1068 | D:2      | HP: 1/24 [poisoned by Terence]
  1069 | D:2      | Succumbed to Terence's poison

Illustrated notes

Levels and vault maps discovered:
D:1:      dpeg_arrival_simpleton_a, layout_basic,
          ebering_ecumenical_altar_sacrificial
D:2:      layout_rooms, serial_shops, nicolae_shop_competitors_out_of_business,
          columned_hall_lemuel, uniq_sigmund, uniq_terence

Skill      XL: |  1 |
---------------+----+-----
Maces & Flails | 2 |  2.1
Fighting       | |  3.4
Armour         | |  1.8
Dodging        | |  0.9
Invocations    | |  2.7

Action                   || total
-------------------------++-------
Melee: Mace              ||    45
       Punch             ||     1
Invok: Depart the Abyss  ||     1
  Use: Potion            ||     3
Armor: Scale mail        ||    17
Dodge: Dodged            ||    23

Table legend: (Time is in decaauts)
 A = Elapsed time spent in this place.
 B = Non-inter-level travel time spent in this place.
 C = Inter-level travel time spent in this place.
 D = Time resting spent in this place.
 E = Time spent auto-exploring this place.
 F = Levels seen in this place.
 G = Mean time per level.
                   A        B        C        D        E       F      G
               +--------+--------+--------+--------+--------+-----+--------+
         Total |   1082 |   1055 |     27 |    140 |    654 |   3 |  360.7 |
       Dungeon |   1055 |   1028 |     27 |    140 |    644 |   2 |  527.5 |
         Abyss |     27 |     27 |      0 |      0 |     10 |   1 |   27.0 |
               +--------+--------+--------+--------+--------+-----+--------+

Top non-repeatable levels by time:
     D:1: 964 daAuts
     D:2: 91 daAuts
 Abyss:1: 27 daAuts
